 Dungeon Crawl Stone Soup version 0.30.1-4-g462c640d31 (webtiles) character file.

Game seed: 3692608178672545609

23 rvierbuc the Conjurer (level 2, 0/20 HPs)
             Began as a Demigod Conjurer on Aug 20, 2023.
             Slain by a quokka (4 damage)
             ... on level 1 of the Dungeon.
             The game lasted 00:05:26 (670 turns).

rvierbuc the Conjurer (Demigod Conjurer)             Turns: 670, Time: 00:05:26

Health: 0/20       AC:  2    Str:  8    XL:     2   Next: 54%
Magic:  2/7        EV: 12    Int: 20    God:
Gold:   43         SH:  0    Dex: 12    Spells: 2/5 levels left

rFire   . . .        (no weapon)
rCold   . . .        (no shield)
rNeg    . . .        a - +0 robe
rPois   .            (no helmet)
rElec   .            (no cloak)
rCorr   .            (no gloves)
SInv    .            (no boots)
Will    .....        (no amulet)
Stlth   ++           (no ring)
HPRegen 0.23/turn    (no ring)
MPRegen 0.10/turn

%: no passive effects
@: no status effects
A: high MP 1, forlorn, divine attributes
a: no special abilities


You were on level 1 of the Dungeon.
You visited 1 branch of the dungeon, and saw 1 of its levels.

You collected 43 gold pieces.

Inventory:

Hand Weapons
 j - a +0 sling
Missiles
 f - 3 poisoned darts
Armour
 a - a +0 robe (worn)
 g - a +0 ring mail
Jewellery
 d - a ring of wizardry
Scrolls
 c - a scroll of fog {unknown}
 h - a scroll of teleportation {unknown}
 i - a scroll of identify {unknown}
 k - a scroll of vulnerability {unknown}
Potions
 b - a potion of magic
 e - a potion of curing {unknown}


   Skills:
 + Level 1.8 Dodging
 + Level 2.0 Stealth
 + Level 2.2 Spellcasting
 + Level 4.0 Conjurations


You had 2 spell levels left.
You knew the following spells:

 Your Spells              Type           Power      Damage    Failure   Level
a - Magic Dart            Conj           72%        1d6       3%          1
b - Searing Ray           Conj           36%        2d5       4%          2

Your spell library contained the following spells:

 Spells                   Type           Power      Damage    Failure   Level
 Dazzling Flash           Conj/Hex       20%        N/A       21%         3
 Fulminant Prism          Conj/Hex       5%         3d7       56%         4
 Iskenderun's Mystic Bla  Conj/Tloc      10%        2d4       56%         4


Dungeon Overview and Level Annotations

Branches:
Dungeon (1/15)


Innate Abilities, Weirdness & Mutations

You have an increased reservoir of magic. (+10% MP)
You shall have no god before yourself.
Your divine heritage dramatically boosts your attributes as you level up.


Message History

The quokka is moderately wounded.
The quokka misses you. The quokka bites you.
You hit the quokka but do no damage.
The quokka is lightly wounded.
The quokka misses you.
You hit the quokka but do no damage.
The quokka is lightly wounded.
The quokka bites you but does no damage.
You barely miss the quokka.
The quokka is lightly wounded.
The quokka barely misses you.
You barely miss the quokka. The quokka bites you.
* * * LOW HITPOINT WARNING * * *
The quokka closely misses you. The quokka attacks as you move away!
The quokka bites you.
* * * LOW HITPOINT WARNING * * *
The quokka attacks as you move away!
The quokka bites you but does no damage.
The quokka bites you.
* * * LOW HITPOINT WARNING * * *
Casting: Searing Ray (safe; 4% risk of failure)
Confirm with . or Enter, or press ? or * to list all spells.
Aiming: Magic Dart (safe; 3% risk of failure)
Press: ? - help, Shift-Dir - straight line, f/p - endoplasm
Aim: an endoplasm (moderately wounded, 100% to hit)
The magic dart hits the quokka.
The quokka is moderately wounded.
The quokka closely misses you. The quokka attacks as you move away!
The quokka misses you. The quokka attacks as you move away!
The quokka barely misses you. The quokka misses you.
The quokka attacks as you move away! The quokka completely misses you.
Okay, then.
The quokka attacks as you move away! The quokka closely misses you. x2
The quokka attacks as you move away! The quokka bites you.
* * * LOW HITPOINT WARNING * * *
The quokka attacks as you move away! The quokka barely misses you.
The quokka twitches its whiskers.
The quokka bites you.
You die...

#.##.# #.##.# ######
########.##.# #....#
#...B.....#B# #....#
#.#########)# ##....#####
####.# #.# #.....+...#
#.JB.# #.#
#.....###.#######r#####..
#).
................@.....[..
....
#.#.#.###....####.###....
##.# #.#.#.######.####.#
.# .. ....#>#.........#.#
#. #.#.........###'#.# r
#.##..#.#.........#
#.......#.#.#.....#
####).###.#.#.....#
..........#.#.....#


You could see an endoplasm, a quokka and a giant cockroach (wandering).

Vanquished Creatures
  A dart slug (D:1)
  3 bats (D:1)
  2 endoplasms (D:1)
  2 goblins (D:1)
  2 hobgoblins (D:1)
  A quokka (D:1)
  4 ball pythons (D:1)
  A frilled lizard (D:1)
  3 kobolds (D:1)
  2 rats (D:1)
21 creatures vanquished.

Notes
Turn   | Place    | Note
-------+----------+-------------------------------------------
     0 | D:1      | rvierbuc the Demigod Conjurer began the quest for the Orb.
     0 | D:1      | Reached XP level 1. HP: 14/14 MP: 5/5
   333 | D:1      | Reached XP level 2. HP: 20/20 MP: 4/7
   336 | D:1      | Learned a level 2 spell: Searing Ray
   615 | D:1      | Reached skill level 4 in Conjurations
   670 | D:1      | Slain by a quokka

Illustrated notes

Levels and vault maps discovered:
D:1:      minmay_arrival_cross, layout_basic, minmay_tall_x

Skill      XL: |  1  2 |
---------------+-------+-----
Stealth        | 2 |  2.0
Spellcasting   | 2 |  2.2
Conjurations   | 4 |  4.0
Dodging        | |  1.8

Action                     || total
---------------------------++-------
  Melee: Unarmed           ||    45
         Punch             ||     2
   Cast: Magic Dart        ||    29
         Searing Ray       ||     2
 Armour: Robe              ||     7
  Dodge: Dodged            ||    44
